[Event "Team 45 45 League T40"]
[Site "Internet Chess Club"]
[Date "2009.02.22"]
[Round "4"]
[White "DaveTheRook"]
[Black "Stap-L"]
[Result "0-1"]
[WhiteElo "1692"]
[BlackElo "1805"]
[Opening "King's Indian: Sämisch, 5...O-O"]
[ECO "E81"]
[Time "10:16:26"]
[TimeControl "2700+45"]

1. d4 g6 2. c4 Bg7 3. Nc3 Nf6 4. e4 d6 5. f3 O-O 6. Be3 c5 7. d5 e6 8. Qd2 exd5
9. cxd5 Re8 10. O-O-O Nbd7 11. Bh6 a6 12. Bxg7 Kxg7 13. g4 h6 14. h4 b5 15. g5
hxg5 16. hxg5 Nh5 17. Nh3 Ng3 18. Rh2 Ne5 19. Qf4 Nxf1 20. Rh1 c4 21. Nf2 Nxf3
22. Qf6+ Qxf6 23. gxf6+ Kxf6 24. Rdxf1 Kg7 25. Nh3 Bxh3 26. Rxh3 Ng5 27. Rh4 Re5
28. Rff4 Rae8 29. a3 Nh7 30. Rf1 Nf6 31. Rhf4 Nxe4 32. Rxf7+ Kg8 33. Nxe4 Rxe4
34. R7f6 Re1+ 35. Rxe1 Rxe1+ 36. Kd2 Rg1 37. Rxd6 Rg2+ 38. Kc3 Rg3+ 39. Kb4 Kf7
40. Rxa6 Rb3+ 41. Kc5 Rxb2 42. d6 c3 43. Ra7+ Ke6 44. Re7+ Kf5 45. d7 Rd2 46.
Kxb5 c2 47. d8=Q Rxd8 48. Rc7 Rb8+ 49. Ka5 Rb2 50. a4 g5 51. Ka6 g4 52. a5 g3
{White resigns} 0-1

[Event "Team 45 45 League T40"]
[Site "Internet Chess Club"]
[Date "2009.02.22"]
[Round "4"]
[White "Paulkov"]
[Black "Stav"]
[Result "1-0"]
[WhiteElo "1830"]
[BlackElo "1802"]
[Opening "Philidor: Improved Hanham variation"]
[ECO "B07"]
[Time "16:00:14"]
[TimeControl "2700+45"]

1. e4 d6 2. Nf3 Nf6 3. Nc3 e5 4. d4 Nbd7 5. Bc4 Be7 6. O-O O-O 7. h3 c6 8. a4 b6
9. Qe2 Bb7 10. Ba2 a5 11. Rd1 Qc7 12. Be3 Rac8 13. Rac1 Qb8 14. dxe5 dxe5 15.
Bg5 Rcd8 16. Rd2 Nc5 17. Rcd1 Rxd2 18. Rxd2 Rd8 19. Rxd8+ Bxd8 20. Qd2 Qc7 21.
Nxe5 h6 22. Nxf7 hxg5 23. Nxd8+ Kh7 24. Nxb7 Qxb7 25. Qxg5 Qe7 26. e5 Nd5 27.
Qh5+ Kg8 28. Nxd5 cxd5 29. Bxd5+ Ne6 30. Qf5 {Black resigns} 1-0

[Event "Team 45 45 League T40"]
[Site "Internet Chess Club"]
[Date "2009.02.20"]
[Round "4"]
[White "ghostfire"]
[Black "Victorianum"]
[Result "0-1"]
[WhiteElo "1826"]
[BlackElo "1721"]
[Opening "QGD Slav: Soultanbéieff variation"]
[ECO "D16"]
[Time "14:00:49"]
[TimeControl "2700+45"]

1. d4 d5 2. c4 c6 3. Nf3 dxc4 4. a4 Nf6 5. Nc3 e6 6. Bg5 b5 7. axb5 cxb5 8. Nxb5
Qb6 9. Na3 Qxb2 10. Nxc4 Bb4+ 11. Bd2 Bxd2+ 12. Nfxd2 Qxd4 13. e3 Qc5 14. Ra5
Qb4 15. Qf3 Bb7 16. Qf4 O-O 17. Rg5 Ne4 18. Rg4 Rd8 19. Qe5 g6 20. Rxe4 Bxe4 21.
Qxe4 Nd7 22. Be2 Nc5 23. Qb1 Qc3 24. Qb2 Nd3+ 25. Bxd3 Qxd3 26. Qb3 Qd5 27. O-O
a5 28. Qa4 Rdb8 29. Rb1 Rxb1+ 30. Nxb1 Rb8 31. Nbd2 Rb4 32. Qc2 Qb5 33. Nd6 Qb8
34. N6e4 Qe5 35. g3 a4 36. f4 Qa1+ 37. Kf2 a3 38. Qc8+ Kg7 39. Qc3+ Qxc3 40.
Nxc3 Rb2 41. Ke2 a2 42. Nxa2 Rxa2 43. h4 Kf6 44. Kd3 Kf5 45. Nc4 Kg4 46. Ne5+
Kxg3 47. Nxf7 Ra3+ 48. Ke2 Ra2+ 49. Kd3 Ra7 50. Ng5 Re7 51. h5 gxh5 52. Ke2 h4
53. Ne4+ Kg2 54. Ng5 h3 55. Nf3 h2 56. Nxh2 Kxh2 57. Kf3 h5 58. e4 h4 59. f5
exf5 60. exf5 h3 {White resigns} 0-1

[Event "Team 45 45 League T40"]
[Site "Internet Chess Club"]
[Date "2009.02.23"]
[Round "4"]
[White "rayngrant"]
[Black "Harmonicus"]
[Result "1/2-1/2"]
[WhiteElo "1509"]
[BlackElo "1893"]
[Opening "Scotch gambit: Dubois-Réti defense"]
[ECO "C55"]
[Time "20:05:23"]
[TimeControl "2700+45"]

1. e4 e5 2. Nf3 Nc6 3. Bc4 Nf6 4. d4 exd4 5. Nxd4 Be7 6. Nxc6 bxc6 7. e5 Nd5 8.
Bxd5 cxd5 9. Qxd5 Ba6 10. c4 c6 11. Qe4 O-O 12. O-O d5 13. exd6 Qxd6 14. Bf4 Qb4
15. b3 Bf6 16. Be5 Rae8 17. f4 Qc5+ 18. Kh1 Bxe5 19. fxe5 Rxe5 20. Qf4 g6 21.
Nc3 Bc8 22. Ne4 Qe7 23. Nf6+ Kg7 24. Qh4 Rh8 25. Qd4 Rd8 26. Qc3 Bf5 27. Nh5+
Kg8 28. Ng3 Be4 29. Nxe4 Rxe4 30. Rfe1 Rxe1+ 31. Rxe1 Qd6 32. h3 Qd7 33. c5 Re8
34. b4 Rxe1+ 35. Qxe1 Qd5 36. a4 a6 37. a5 Qd7 38. Qe2 Qb7 39. Qe8+ Kg7 40. Qe5+
Kg8 41. Qd4 h5 42. Qd8+ Kh7 43. Qb6 Qc8 44. b5 axb5 45. a6 Qf5 46. Qxc6 Qf1+ 47.
Kh2 Qf4+ 48. g3 Qf2+ 49. Qg2 Qxc5 50. Qa2 Qa7 51. Kg2 b4 52. Qb3 Qxa6 53. Qxf7+
Kh6 54. Qf4+ Kh7 55. Qf7+ Kh6 56. Qf8+ Kh7 57. Qf7+ Kh8 58. Qf8+ Kh7 59. Qf7+
{Game drawn by repetition} 1/2-1/2

[Event "Team 45 45 League T40"]
[Site "Internet Chess Club"]
[Date "2009.02.22"]
[Round "4"]
[White "Frankly"]
[Black "allanchs"]
[Result "1/2-1/2"]
[WhiteElo "1677"]
[BlackElo "1540"]
[Opening "Ruy Lopez: closed"]
[ECO "C90"]
[Time "10:00:24"]
[TimeControl "2700+45"]

1. e4 e5 2. Nf3 Nc6 3. Bb5 a6 4. Ba4 Nf6 5. O-O Be7 6. Re1 b5 7. Bb3 d6 8. c3
Na5 9. Bc2 Kf8 10. h3 c5 11. d4 Qc7 12. Nbd2 Bd7 13. Nf1 Rc8 14. Ne3 Nc4 15.
Nxc4 bxc4 16. dxe5 dxe5 17. Qe2 Be6 18. Ng5 Qc6 19. f4 exf4 20. Bxf4 g6 21. Rad1
h6 22. Nxe6+ Qxe6 23. Ba4 Rd8 24. Rxd8+ Bxd8 25. Qd2 Kg7 26. Bc2 Be7 27. Qe3 g5
28. Bh2 Rd8 29. Kh1 Qc6 30. e5 Nd5 31. Qe4 Qg6 32. Qxg6+ fxg6 33. Be4 Nf4 34.
Bxf4 gxf4 35. Bb7 a5 36. Re2 g5 37. Kg1 h5 38. Ba6 g4 39. hxg4 hxg4 40. Bxc4
Rd1+ 41. Kh2 Kh6 42. g3 f3 43. Rf2 Bg5 44. e6 Be3 45. Rf1 Rxf1 46. Bxf1 Kg7 47.
Bc4 Kf6 48. Kh1 Bf2 49. Kh2 Be3 {Game drawn by mutual agreement} 1/2-1/2

[Event "Team 45 45 League T40"]
[Site "Internet Chess Club"]
[Date "2009.02.23"]
[Round "4"]
[White "Check101"]
[Black "JimGaming"]
[Result "1-0"]
[WhiteElo "1270"]
[BlackElo "1316"]
[Opening "Sicilian: Alapin's variation (2.c3)"]
[ECO "B22"]
[Time "18:30:05"]
[TimeControl "2700+45"]

1. e4 c5 2. c3 g6 3. d4 cxd4 4. cxd4 d5 5. exd5 Nf6 6. Qa4+ Nbd7 7. Nc3 Bg7 8.
Bb5 O-O 9. Bxd7 Bxd7 10. Qb3 Qb6 11. Qxb6 axb6 12. Nf3 e6 13. dxe6 fxe6 14. O-O
Nd5 15. Nxd5 exd5 16. Be3 Bg4 17. Ne5 Bf5 18. a3 h6 19. Rac1 Kh7 20. Rc7 Ra7 21.
g4 Be6 22. Re7 Bc8 23. h4 Ra6 24. g5 h5 25. Rc1 b5 26. Rcc7 Rg8 27. Nf7 Re6 28.
Nh6 Rxe7 29. Rxe7 Rf8 30. Kg2 Kh8 31. Kg3 Kh7 32. Bf4 Kh8 33. f3 Bxd4 34. Nf7+
Kg7 35. Be5+ Bxe5+ 36. Nxe5+ Kg8 37. Nxg6 Rd8 38. Kf2 d4 39. Ke2 d3+ 40. Kd2 Bd7
41. Nf4 Bf5 42. g6 Rd4 43. Nxh5 Bxg6 44. Rg7+ Kf8 45. Rxg6 Rxh4 46. Ng3 Rh2+ 47.
Kxd3 Rxb2 48. Kc3 Rf2 49. Kb4 Rxf3 50. Ne4 Kf7 51. Rf6+ Rxf6 52. Nxf6 Kxf6 53.
Kxb5 Ke6 54. Kb6 Kd7 55. Kxb7 Kd8 56. a4 Kd7 57. a5 Kd6 58. a6 {Black resigns}
1-0

[Event "Team 45 45 League T40"]
[Site "Internet Chess Club"]
[Date "2009.02.21"]
[Round "4"]
[White "Gomer"]
[Black "Fourclub"]
[Result "0-1"]
[WhiteElo "1171"]
[BlackElo "1402"]
[Opening "Four knights: Italian variation"]
[ECO "C28"]
[Time "16:04:22"]
[TimeControl "2700+45"]

1. e4 e5 2. Bc4 Nf6 3. Nc3 Nc6 4. Nf3 Nxe4 5. Qe2 Nxc3 6. bxc3 Qf6 7. d3 h6 8.
O-O d6 9. d4 Bg4 10. Qe3 Bxf3 11. gxf3 Be7 12. Rb1 exd4 13. cxd4 Qg5+ 14. Qxg5
Bxg5 15. Rxb7 Nxd4 16. Bxg5 hxg5 17. Re1+ Kd7 18. Re2 Nxe2+ 19. Bxe2 Rhb8 20.
Bb5+ Kd8 21. Rxb8+ Rxb8 22. Bc4 f6 23. Bb3 Ke7 24. Kg2 g6 25. Kg3 f5 26. h4
gxh4+ 27. Kxh4 Kf6 28. f4 Rh8+ 29. Kg3 c5 30. c4 a5 31. a4 Rb8 {White resigns}
0-1

[Event "Team 45 45 League T40"]
[Site "Internet Chess Club"]
[Date "2009.02.22"]
[Round "4"]
[White "theartist"]
[Black "MeansToAnEnd"]
[Result "0-1"]
[WhiteElo "1154"]
[BlackElo "1124"]
[Opening "KP: Nimzovich defense"]
[ECO "A40"]
[Time "12:31:04"]
[TimeControl "2700+45"]

1. d4 Nc6 2. e4 d6 3. c4 Nf6 4. Nc3 e6 5. Bg5 h6 6. Bh4 Be7 7. Nf3 Nb4 8. a3 Nc6
9. Be2 Nd7 10. Bxe7 Qxe7 11. O-O O-O 12. b4 e5 13. d5 Nd8 14. Qc2 b6 15. Rfe1
Bb7 16. Nd2 f5 17. f3 fxe4 18. Ndxe4 Nf6 19. Bd3 c5 20. b5 Nxe4 21. Nxe4 Nf7 22.
Ng3 Ng5 23. Nf5 Qf6 24. f4 exf4 25. Re7 Qxa1+ 26. Kf2 Rf7 27. Rxf7 Kxf7 28.
Nxd6+ Kg8 29. Nxb7 Re8 30. Nd6 Qe1# {White checkmated} 0-1

[Event "Team 45 45 League T40"]
[Site "Internet Chess Club"]
[Date "2009.02.24"]
[Round "4"]
[White "stillday"]
[Black "Xerses"]
[Result "0-1"]
[WhiteElo "1158"]
[BlackElo "1366"]
[Opening "Polish (Sokolsky) opening"]
[ECO "A00"]
[Time "13:08:58"]
[TimeControl "2700+45"]

1. b4 e5 2. Bb2 e4 3. e3 Nf6 4. b5 c6 5. a4 Bc5 6. Ba3 Bxa3 7. Rxa3 O-O 8. c4 d5
9. d3 dxc4 10. d4 Qa5+ 11. Nc3 cxb5 12. Ra2 Qxc3+ 13. Rd2 b4 14. Ne2 Qa3 15. Qc2
Be6 16. Ng3 b3 17. Qc3 Qxa4 18. Be2 a5 19. O-O Qb4 20. Qxb4 axb4 21. d5 Nxd5 22.
Bxc4 Nc3 23. Bxe6 fxe6 24. Nxe4 Nxe4 25. Rd4 Nc5 26. Rxb4 Ra7 27. f4 Nc6 28. Rc4
Nd3 29. Rb1 b2 {White resigns} 0-1

[Event "Team 45 45 League T40"]
[Site "Internet Chess Club"]
[Date "2009.02.21"]
[Round "4"]
[White "Just-Jim"]
[Black "arconia"]
[Result "1-0"]
[WhiteElo "1418"]
[BlackElo "1352"]
[Opening "Sicilian defense"]
[ECO "B20"]
[Time "15:27:07"]
[TimeControl "2700+45"]

1. e4 c5 2. Bc4 Nc6 3. Nf3 e6 4. O-O Be7 5. d4 cxd4 6. Nxd4 d6 7. Bb5 Bd7 8.
Nxc6 Bxc6 9. Bxc6+ bxc6 10. Bf4 e5 11. Bg3 Nh6 12. c4 O-O 13. f4 Qb6+ 14. Kh1
Rad8 15. b3 f5 16. Nc3 Ng4 17. Qe2 Nf6 18. exf5 d5 19. fxe5 d4 20. Na4 Qb7 21.
exf6 Bxf6 22. Rad1 Rfe8 23. Qg4 d3 24. Nc5 Qf7 25. Nxd3 Rd4 26. Qf3 c5 27. Rfe1
Rxe1+ 28. Rxe1 Qd7 29. Nxc5 {Black forfeits on time} 1-0

[Event "Team 45 45 League T40"]
[Site "Internet Chess Club"]
[Date "2009.02.20"]
[Round "4"]
[White "kidcobra"]
[Black "reverendjim"]
[Result "1-0"]
[WhiteElo "1485"]
[BlackElo "1285"]
[Opening "Caro-Kann: Steinitz variation"]
[ECO "B17"]
[Time "11:30:05"]
[TimeControl "2700+45"]

1. e4 c6 2. d4 d5 3. Nc3 dxe4 4. Nxe4 Nd7 5. f4 Ngf6 6. Ng3 Nb6 7. Nf3 Bg4 8.
Be2 e6 9. O-O Be7 10. Bd2 Bxf3 11. Rxf3 Qxd4+ 12. Be3 Qxe3+ {Black resigns} 1-0

[Event "Team 45 45 League T40"]
[Site "Internet Chess Club"]
[Date "2009.02.20"]
[Round "4"]
[White "DaPaz"]
[Black "proudchess"]
[Result "0-1"]
[WhiteElo "2021"]
[BlackElo "2005"]
[Opening "Sicilian: closed"]
[ECO "B23"]
[Time "16:01:11"]
[TimeControl "2700+45"]

1. e4 c5 2. Nc3 e6 3. Nge2 Nc6 4. g3 Nf6 5. Bg2 Be7 6. O-O d6 7. d3 a6 8. h3 Qc7
9. Be3 O-O 10. f4 Bd7 11. g4 h6 12. Ng3 Nh7 13. f5 Nf6 14. h4 Ne5 15. g5 Nfg4
16. Qe2 hxg5 17. hxg5 Nxe3 18. Qxe3 Qd8 19. f6 gxf6 20. gxf6 Bxf6 21. Nh5 Bg5
22. Qg3 Kh7 23. Qh2 Be3+ 24. Kh1 Rh8 25. Nf6+ Kg7 26. Bh3 Kf8 27. Qg3 Bh6 28.
Rf2 Bg7 29. Raf1 Bc6 30. Kh2 b5 31. Ne2 Rh6 32. Qg5 Rg6 33. Qh4 Qe7 34. Ng3 Bxf6
35. Rxf6 Ke8 36. Nh5 Kd7 37. c3 Rh8 38. d4 cxd4 39. cxd4 Rxh5 40. Qxh5 Rxf6 41.
dxe5 Rxf1 42. Bxf1 Bxe4 43. a4 dxe5 44. axb5 Qf6 45. Qe2 Qf4+ 46. Kh3 Qh6+ 47.
Kg3 Qg5+ 48. Kf2 Qh4+ 49. Kg1 Qg3+ 50. Bg2 Bxg2 51. Qxg2 Qxg2+ 52. Kxg2 axb5
{White resigns} 0-1

[Event "Team 45 45 League T40"]
[Site "Internet Chess Club"]
[Date "2009.02.22"]
[Round "4"]
[White "Fezzik"]
[Black "trucazzo"]
[Result "1-0"]
[WhiteElo "2021"]
[BlackElo "1993"]
[Opening "Dutch: Leningrad, main variation"]
[ECO "A87"]
[Time "16:01:51"]
[TimeControl "2700+45"]

1. Nf3 f5 2. c4 Nf6 3. d4 g6 4. g3 Bg7 5. Bg2 O-O 6. Nc3 d6 7. O-O Qe8 8. d5 Na6
9. Rb1 Bd7 10. b4 c6 11. dxc6 bxc6 12. a3 Rb8 13. Qa4 Ne4 14. Nxe4 fxe4 15. Ng5
Rb6 16. Nxe4 c5 17. Qa5 cxb4 18. axb4 Qc8 19. Be3 Rf5 20. b5 Qxc4 21. Bxb6 axb6
22. Qxa6 Qxe2 23. Qxb6 Bxb5 24. Qb8+ Kf7 25. Rfe1 Qd3 26. Bf1 {Black resigns}
1-0

[Event "Team 45 45 League T40"]
[Site "Internet Chess Club"]
[Date "2009.02.22"]
[Round "4"]
[White "PopolVuh"]
[Black "JoshRom"]
[Result "1-0"]
[WhiteElo "1916"]
[BlackElo "2023"]
[Opening "Nimzo-Indian: Kmoch variation"]
[ECO "E20"]
[Time "16:14:29"]
[TimeControl "2700+45"]

1. d4 Nf6 2. c4 e6 3. Nc3 Bb4 4. f3 Bxc3+ 5. bxc3 b6 6. e4 Ba6 7. e5 Ng8 8. Ba3
Nc6 9. f4 Nge7 10. Nf3 Qc8 11. d5 Na5 12. Qa4 Qb7 13. Rd1 c5 14. dxe6 fxe6 15.
Bxc5 bxc5 16. Qxa5 Qe4+ 17. Kf2 Bxc4 18. Qxc5 Bxf1 19. Rhxf1 Qxf4 20. Kg1 Nd5
21. Rxd5 exd5 22. Qxd5 Rc8 23. e6 Qe3+ 24. Kh1 dxe6 25. Qb5+ Ke7 26. Qb7+ Kf6
27. Nd4+ Ke5 28. Qxg7+ Kd6 29. Qxa7 Rxc3 30. Nb5+ Ke5 31. Qg7+ Kd5 32. Nxc3+
{Black resigns} 1-0

[Event "Team 45 45 League T40"]
[Site "Internet Chess Club"]
[Date "2009.02.20"]
[Round "4"]
[White "primerpaso"]
[Black "kirsan"]
[Result "0-1"]
[WhiteElo "1776"]
[BlackElo "1907"]
[Opening "English: symmetrical, Rubinstein system"]
[ECO "A34"]
[Time "18:38:05"]
[TimeControl "2700+45"]

1. c4 c5 2. Nc3 Nf6 3. g3 d5 4. cxd5 Nxd5 5. Bg2 Nc7 6. Nf3 Nc6 7. b3 e5 8. Bb2
Be7 9. Rc1 f6 10. Na4 Ne6 11. Qc2 Bd7 12. O-O O-O 13. a3 Rc8 14. Rfe1 Ncd4 15.
Qd1 e4 16. Nxd4 cxd4 17. b4 Rxc1 18. Bxc1 Bc6 19. Qb3 Qd7 20. Nb2 Bd5 21. Qc2
Rc8 22. Qb1 Qc6 23. d3 f5 24. dxe4 fxe4 25. b5 Qc3 26. Rf1 Qc2 27. Qxc2 Rxc2 28.
f3 e3 29. Nd3 Rxe2 30. Rd1 Bc4 31. Ne5 Bb3 32. Rf1 Ra2 33. f4 b6 34. Nc6 Bc5 35.
Nb4 Bxb4 36. axb4 e2 37. Re1 d3 38. Kf2 d2 39. Bxd2 Rxd2 40. Rxe2 Rxe2+ 41. Kxe2
Nd4+ 42. Ke3 Nxb5 43. Ke4 Kf7 44. Ke5 Ke7 45. Be4 h6 46. g4 Nc3 47. Bc6 Na2 48.
b5 Bc4 49. Kd4 Be2 50. h3 Kd6 51. Be8 Nb4 52. g5 hxg5 53. fxg5 Nd5 54. h4 Nc7
55. Bf7 Nxb5+ 56. Ke3 Bg4 57. h5 Ke7 58. Bg6 Nd6 59. h6 gxh6 60. gxh6 Kf6 61. h7
Kg7 62. Kf4 Bf5 63. Bh5 Bxh7 64. Ke5 Nc4+ 65. Kd5 Bg8+ 66. Kc6 Kf6 67. Kb5 a5
{White resigns} 0-1

[Event "Team 45 45 League T40"]
[Site "Internet Chess Club"]
[Date "2009.02.20"]
[Round "4"]
[White "Chessduke"]
[Black "iasonmessinis"]
[Result "0-1"]
[WhiteElo "2101"]
[BlackElo "2208"]
[Opening "Sicilian: closed, 6.f4"]
[ECO "B25"]
[Time "12:05:04"]
[TimeControl "2700+45"]

1. e4 c5 2. Nc3 Nc6 3. g3 d6 4. Bg2 g6 5. d3 Bg7 6. f4 Nf6 7. Nf3 O-O 8. O-O Bd7
9. h3 Rb8 10. Be3 b5 11. Ne2 e6 12. c3 Qe7 13. g4 Ne8 14. d4 c4 15. Qd2 Nc7 16.
Ng3 b4 17. f5 exf5 18. exf5 Nd5 19. Bg5 f6 20. Rae1 bxc3 21. bxc3 Qd8 22. Bf4
Nxf4 23. Qxf4 d5 24. fxg6 hxg6 25. Qd6 Be8 26. Qe6+ Kh8 27. Nh4 Qc7 28. Qe3 Qd6
29. Ne2 Bf7 30. Rb1 Rxb1 31. Rxb1 Re8 32. Qd2 Kg8 33. Qc2 Ne7 34. Rb7 a6 35. Qb2
Qe6 36. Rb8 Bh6 37. Nf3 Nc8 38. Kf1 Kg7 39. g5 Bxg5 40. Nxg5 fxg5 41. Qd2 Qf5+
42. Kg1 Qd3 43. Rb2 Nd6 44. Nc1 Qxd2 45. Rxd2 Re1+ {White resigns} 0-1

[Event "Team 45 45 League T40"]
[Site "Internet Chess Club"]
[Date "2009.02.21"]
[Round "4"]
[White "Klampin"]
[Black "Legal"]
[Result "1-0"]
[WhiteElo "2018"]
[BlackElo "1980"]
[Opening "English opening"]
[ECO "A13"]
[Time "09:13:24"]
[TimeControl "2700+45"]

1. c4 e6 2. Nc3 f5 3. g3 Nf6 4. Bg2 c6 5. d4 d5 6. Nh3 Bd6 7. Bf4 Be7 8. O-O O-O
9. Qd3 Qe8 10. Rac1 h6 11. f3 Qh5 12. Bd2 g5 13. e4 fxe4 14. fxe4 e5 15. dxe5
Bxh3 16. exf6 Bc5+ 17. Kh1 Nd7 18. f7+ Rxf7 19. Bxh3 Qxh3 20. Rxf7 Kxf7 21. exd5
Nf6 22. Rf1 Kg7 23. Rxf6 Kxf6 24. Ne4+ Kg7 25. Bc3+ Kf7 26. Qf3+ Kg8 27. Qf6
{Black resigns} 1-0

[Event "Team 45 45 League T40"]
[Site "Internet Chess Club"]
[Date "2009.02.22"]
[Round "4"]
[White "LubanaColorok"]
[Black "markgravitygood"]
[Result "0-1"]
[WhiteElo "2108"]
[BlackElo "1832"]
[Opening "Caro-Kann: exchange variation"]
[ECO "B13"]
[Time "10:20:08"]
[TimeControl "2700+45"]

1. e4 c6 2. d4 d5 3. exd5 cxd5 4. Bd3 Nc6 5. Nf3 Bg4 6. c3 Nf6 7. O-O e6 8. Bf4
Bd6 9. Bxd6 Qxd6 10. Nbd2 O-O 11. Qc2 Rac8 12. a3 Rfe8 13. Rae1 Bh5 14. h3 a6
15. Re3 b5 16. Qb1 Na5 17. Ng5 h6 18. Ngf3 Nc4 19. Nxc4 bxc4 20. Bc2 Bxf3 21.
Rxf3 Rb8 22. Ba4 Re7 23. Re1 Reb7 24. Qc1 Rxb2 25. Rg3 Ne4 26. Rg4 Nxf2 27. Re2
Rxe2 {White resigns} 0-1

[Event "Team 45 45 League T40"]
[Site "Internet Chess Club"]
[Date "2009.02.23"]
[Round "4"]
[White "PJ"]
[Black "parrot9"]
[Result "1/2-1/2"]
[WhiteElo "1811"]
[BlackElo "1700"]
[Opening "Sicilian: closed"]
[ECO "B24"]
[Time "15:00:10"]
[TimeControl "2700+45"]

1. e4 c5 2. Nc3 Nc6 3. g3 e6 4. Bg2 Nf6 5. d3 d5 6. exd5 exd5 7. Bg5 d4 8. Bxf6
Qxf6 9. Qe2+ Be6 10. Ne4 Qd8 11. Nf3 Be7 12. O-O h6 13. a3 O-O 14. Ned2 Qc7 15.
Rae1 Rad8 16. Ne5 Nxe5 17. Qxe5 Bd6 18. Qe2 Rfe8 19. Qd1 b5 20. Re2 Re7 21. Ne4
Rde8 22. Nxd6 Qxd6 23. Rfe1 Qd7 {Game drawn by mutual agreement} 1/2-1/2

[Event "Team 45 45 League T40"]
[Site "Internet Chess Club"]
[Date "2009.02.19"]
[Round "4"]
[White "ticopatzer"]
[Black "Glassywoman"]
[Result "1-0"]
[WhiteElo "1517"]
[BlackElo "1456"]
[Opening "Philidor: exchange variation"]
[ECO "C41"]
[Time "20:02:01"]
[TimeControl "2700+45"]

1. e4 e5 2. Nf3 d6 3. d4 exd4 4. Nxd4 Nf6 5. Nc3 Be7 6. Bc4 O-O 7. O-O Bg4 8. f3
Bh5 9. Bf4 a6 10. Qe2 c5 11. Nf5 b5 12. Nxe7+ Qxe7 13. Nd5 Nxd5 14. Bxd5 Ra7 15.
a4 b4 16. Qe3 Kh8 17. Rad1 Rd8 18. Qb3 a5 19. Rfe1 f6 20. Bc4 Nc6 21. Bg3 Nd4
22. Qd3 Bf7 23. Bxf7 Qxf7 24. c3 Nc6 25. Qb5 Ne5 26. Bxe5 fxe5 27. Rxd6 Rc8 28.
Rd5 bxc3 29. bxc3 Qe7 30. Red1 h6 31. Rd7 Rxd7 32. Qxd7 Qxd7 33. Rxd7 c4 34. Rd5
Rb8 35. Rxe5 Rb1+ 36. Kf2 Rc1 37. Rxa5 Rxc3 38. Rc5 Kg8 39. a5 Kf7 40. a6 Ra3
41. Rxc4 Rxa6 42. Rc7+ Kg6 43. g4 Re6 44. Rc3 Kf6 45. Re3 Ke5 46. Kg3 g5 47. h4
Kd4 48. Re2 Kd3 49. Ra2 Kd4 50. hxg5 hxg5 51. Ra5 Re5 52. Rxe5 Kxe5 53. f4+
gxf4+ 54. Kf3 {Black resigns} 1-0

[Event "Team 45 45 League T40"]
[Site "Internet Chess Club"]
[Date "2009.02.24"]
[Round "4"]
[White "Kalar-Yadwa"]
[Black "SeniorCitizen"]
[Result "1/2-1/2"]
[WhiteElo "1329"]
[BlackElo "1366"]
[Opening "QGD: exchange, positional line"]
[ECO "D35"]
[Time "12:51:10"]
[TimeControl "2700+45"]

1. d4 Nf6 2. c4 e6 3. Nc3 d5 4. cxd5 exd5 5. Bg5 Be6 6. e3 h6 7. Bh4 Bd6 8. Bd3
Nbd7 9. Nb5 Qe7 10. Rc1 c6 11. Nxd6+ Qxd6 12. Bg3 Qe7 13. a3 O-O 14. Bh4 Rfc8
15. b4 a6 16. Nf3 Qf8 17. O-O Bg4 18. h3 Bh5 19. Be2 Bg6 20. Bd3 Bxd3 21. Qxd3
Qe8 22. Rfe1 Qe4 23. Qc2 Qxc2 24. Rxc2 a5 25. Bg3 axb4 26. axb4 Ra4 27. b5 Rb4
28. bxc6 bxc6 29. Rec1 Rb6 30. Ne5 Nxe5 31. Bxe5 Nd7 32. Bd6 f6 33. Bc5 Ra6 34.
Rb2 Rb8 35. Rxb8+ Nxb8 36. Rb1 Nd7 37. Bd6 Nb6 38. g4 Kf7 39. Bc5 Nc4 40. Rb7+
Kg8 41. Ra7 Rxa7 42. Bxa7 Kf7 43. Kg2 g6 44. Kf3 Ke6 45. Bc5 h5 46. Bb4 h4 47.
Ke2 g5 48. f3 Nb6 49. Be1 Nd7 50. f4 Kd6 51. Bb4+ Ke6 52. f5+ Kf7 53. Kf3 Nb6
54. e4 dxe4+ 55. Kxe4 Nc4 56. d5 cxd5+ 57. Kxd5 Ne3+ 58. Ke4 Ng2 59. Bd6 Ke8 60.
Bh2 Ne1 61. Bb8 Kd7 62. Kd5 Ke7 63. Ke4 Nc2 64. Kf3 Nd4+ 65. Ke3 Nc6 66. Bh2 Nb4
67. Ke4 Kd7 68. Kd4 Kc6 69. Ke3 Nd5+ 70. Kd4 Ne7 71. Bb8 Kd7 72. Bh2 Ke8 73. Kc5
Kd7 74. Bb8 {Game drawn by mutual agreement} 1/2-1/2

[Event "Team 45 45 League T40"]
[Site "Internet Chess Club"]
[Date "2009.02.22"]
[Round "4"]
[White "kjs110"]
[Black "JustinZ"]
[Result "0-1"]
[WhiteElo "1142"]
[BlackElo "1254"]
[Opening "Queen's pawn game"]
[ECO "D05"]
[Time "20:00:48"]
[TimeControl "2700+45"]

1. d4 d5 2. Nf3 Nf6 3. e3 e6 4. Bd3 Be7 5. b3 O-O 6. O-O Ne4 7. Ne5 Bf6 8. f4
Nd7 9. Nd2 Nc3 10. Qh5 g6 11. Qh3 c5 12. Bb2 Ne4 13. Nxe4 dxe4 14. Bxe4 Rb8 15.
Nxd7 Qxd7 16. Rad1 b6 17. dxc5 Qe7 18. Bxf6 Qxf6 19. cxb6 Rxb6 20. Rd3 e5 21.
Qf3 Ba6 22. fxe5 Qxf3 23. Bxf3 Bxd3 24. cxd3 Rc8 25. d4 Rc2 26. d5 Rxa2 27. d6
Rd2 28. Rd1 Rxd1+ 29. Bxd1 Rb8 30. d7 Rd8 31. Bg4 h5 32. Bh3 Kf8 33. b4 Ke7 34.
b5 f6 35. e6 f5 36. e4 Kxe6 37. exf5+ gxf5 38. Kf2 Rxd7 39. Kf3 Ke5 40. Ke3 Rb7
41. g3 Rxb5 42. Bf1 Rb3+ 43. Kf2 a5 44. Bc4 Rb4 45. Bg8 a4 46. Kf3 a3 47. Ke3
Ra4 48. Kf3 a2 49. Bxa2 Rxa2 50. h4 Ra3+ 51. Kg2 f4 52. g4 hxg4 53. h5 Kf6 54.
h6 Kg6 55. h7 Kxh7 56. Kf2 Kg6 57. Kg2 Ra2+ 58. Kf1 Kf5 59. Kg1 Ke4 60. Kf1 Ke3
61. Kg1 Kf3 62. Kh1 Kg3 63. Kg1 Ra1# {White checkmated} 0-1

[Event "Team 45 45 League T40"]
[Site "Internet Chess Club"]
[Date "2009.02.19"]
[Round "4"]
[White "rgadoury"]
[Black "chips"]
[Result "1-0"]
[WhiteElo "1254"]
[BlackElo "1209"]
[Opening "English opening"]
[ECO "A10"]
[Time "14:32:34"]
[TimeControl "2700+45"]

1. c4 Nc6 2. g3 e6 3. Bg2 d5 4. cxd5 exd5 5. e3 Nf6 6. h3 Ne5 7. Ne2 Nd3+ 8. Kf1
Ne4 9. Bxe4 dxe4 10. Qa4+ c6 11. Nbc3 Qf6 12. Qxe4+ Ne5 13. d4 Qf3 14. Qxe5+ Be6
15. Qe4 Qxe4 16. Nxe4 Bd5 17. f3 f5 18. Nd2 Bb4 19. Kf2 O-O 20. a3 Bxd2 21. Bxd2
Rfe8 22. Rhc1 Re6 23. Nf4 Rd6 24. Nxd5 Rxd5 25. Rc5 Rxc5 26. dxc5 Rd8 27. Ke2
Rd5 28. Bb4 b6 29. cxb6 axb6 30. Rd1 Rb5 31. f4 c5 32. Rd5 g6 33. Bc3 Kf7 34. g4
Ke6 35. Re5+ Kf7 36. b4 fxg4 37. hxg4 h6 38. Kd3 {Black resigns} 1-0

[Event "Team 45 45 League T40"]
[Site "Internet Chess Club"]
[Date "2009.02.22"]
[Round "4"]
[White "CKNIGHT3"]
[Black "PawnSensei"]
[Result "1-0"]
[WhiteElo "1432"]
[BlackElo "1390"]
[Opening "QGD: Tarrasch defense"]
[ECO "D32"]
[Time "12:07:54"]
[TimeControl "2700+45"]

1. d4 d5 2. c4 e6 3. Nc3 c5 4. Nf3 Nc6 5. e3 Nf6 6. Qa4 Bd7 7. Qb3 Na5 8. Qc2
cxd4 9. exd4 Nxc4 10. Bxc4 dxc4 11. Bg5 Be7 12. O-O O-O 13. Bh4 Rb8 14. Ne5 Be8
15. Rad1 b5 16. d5 Nxd5 17. Bxe7 Qxe7 18. Nxd5 exd5 19. Rxd5 f6 20. Nf3 Bc6 21.
Re1 Qb7 22. Rf5 Rfe8 23. b3 Bxf3 24. Rxe8+ Rxe8 25. gxf3 cxb3 26. Qxb3+ Kh8 27.
Qxb5 Re1+ 28. Kg2 Qxb5 29. Rxb5 Re8 30. a4 a6 31. Rb6 Ra8 32. h4 h5 33. Kg3 Kh7
34. f4 Kg6 35. f3 Ra7 36. a5 Kf5 37. Rc6 Kg6 38. Rc5 f5 39. Rc6+ Kf7 40. Rc5 Ke6
41. Re5+ Kd7 42. Rxf5 {Black resigns} 1-0